 Dungeon Crawl Stone Soup version 0.26-a0-850-g97a50ab700 (webtiles) character file.

Game seed: 7691782310379677472

67194 miscthings the Severer (level 15, -4/198 HPs)
             Began as a Hill Orc Transmuter on Nov 20, 2020.
             Was the Champion of Okawaru.
             Slain by a stone giant (42 damage)
             ... on level 1 of the Orcish Mines.
             The game lasted 00:45:43 (21902 turns).

miscthings the Severer (Hill Orc Transmuter)       Turns: 21902, Time: 00:45:43

Health: -4/198     AC: 20    Str: 28    XL:     15   Next: 22%
Magic:  23/23      EV: 19    Int: 22    God:    Okawaru [******]
Gold:   1465       SH: 14    Dex: 21    Spells: 15/17 levels left

rFire    + . .     SeeInvis .   R - +9 broad axe (pain)
rCold    + . .     Faith    .   s - +3 buckler of Mezcal {rElec Dex+7}
rNeg     . . .     Spirit   .   w - +2 chain mail {rF+}
rPois    .         Reflect  +   G - +2 hat
rElec    +         Harm     .   t - scarf {repulsion}
rCorr    .         Rampage  +   C - +0 pair of gloves "Sikhoeg" {rElec Str+3}
MR       +....                  e - +2 pair of boots {rampage}
Stlth    ..........             x - amulet of reflection
HPRegen  0.43/turn              O - ring of the Crown {rC+ EV+4 Int+8 Dex+3}
MPRegen  0.18/turn              p - +6 ring of strength

@: berserking, silenced, repel missiles, very quick
A: no striking features
a: Renounce Religion


You were on level 1 of the Orcish Mines.
You worshipped Okawaru.
Okawaru was exalted by your worship.
You visited 4 branches of the dungeon, and saw 19 of its levels.
You also visited: Ice Cave and Volcano.

You collected 2062 gold pieces.
You spent 597 gold pieces at shops.

Inventory:

Hand Weapons
 v - the +6 morningstar "Undertaker" {flame, rF+}
   (You bought it in a shop on level 5 of the Dungeon)

   It has been specially enchanted to burn those struck by it, causing extra
   injury to most foes and up to half again as much damage against particularly
   susceptible opponents.
   It protects you from fire.
 R - a +9 broad axe of pain (weapon)
Missiles
 H - 15 curare-tipped darts (quivered)
 P - 13 silver javelins
 Z - a throwing net
Armour
 e - a +2 pair of boots of rampaging (worn)
 g - a +2 troll leather armour {Snorg}
 s - the +3 buckler of Mezcal (worn) {rElec Dex+7}
   (You acquired it on level 10 of the Dungeon)

   It affects your dexterity (+7).
   It insulates you from electricity.
 t - a scarf of repulsion (worn)
 w - a +2 chain mail of fire resistance (worn)
 B - the +2 pair of gloves of Kital {Rampage rF+++ rCorr Dex-4}
   (You found it on level 6 of the Dungeon)

   It affects your dexterity (-4).
   It renders you almost immune to fire.
   It provides partial protection from all sources of acid and corrosion.
   It bestows one free step when moving towards enemies.
 C - the +0 pair of gloves "Sikhoeg" (worn) {rElec Str+3}
   (Okawaru gifted it to you on level 4 of the Lair of Beasts)

   It affects your strength (+3).
   It insulates you from electricity.
 G - a +2 hat (worn)
Jewellery
 b - an uncursed ring of resist corrosion
 p - a +6 ring of strength (right hand)
 x - an amulet of reflection (around neck)
 O - the ring of the Crown (left hand) {rC+ EV+4 Int+8 Dex+3}
   (You found it on level 2 of the Lair of Beasts)

   [ring of evasion]

   It affects your evasion (+4).
   It affects your intelligence (+8).
   It affects your dexterity (+3).
   It protects you from cold.
 X - an uncursed ring of protection from cold
Wands
 r - a wand of iceblast (8)
 y - a wand of digging (6)
 E - a wand of disintegration (21)
 L - a wand of flame (25)
 S - a wand of enslavement (12)
 V - a wand of paralysis (3)
Scrolls
 a - 4 scrolls of immolation
 c - 2 scrolls of magic mapping
 d - 5 scrolls of fog
 j - a scroll of holy word {unknown}
 l - 8 scrolls of teleportation
 o - 8 scrolls of remove curse
 q - 4 scrolls of fear
 z - a scroll of silence
 A - 4 scrolls of blinking
 N - a scroll of vulnerability
 W - 2 scrolls of summoning {unknown}
Potions
 f - 3 potions of attraction
 h - 7 potions of curing
 k - 2 potions of haste
 m - 7 potions of heal wounds
 n - 3 potions of flight
 u - 4 potions of berserk rage
 D - 5 potions of cancellation
 J - 4 potions of brilliance
 K - a potion of resistance
 M - a potion of lignification
 Q - a potion of magic
 T - a potion of invisibility
 U - 2 potions of might
 Y - a potion of mutation
Miscellaneous
 I - a phantom mirror


   Skills:
 + Level 12.0 Fighting
 * Level 17.2 Axes
 - Level 7.0 Throwing
 + Level 9.7 Armour
 + Level 7.7 Dodging
 + Level 6.3 Shields
 - Level 3.2 Unarmed Combat
 - Level 1.5 Spellcasting
 + Level 1.8 Necromancy
 - Level 2.4 Transmutations
 + Level 11.2 Invocations
 + Level 8.8 Evocations


You had 15 spell levels left.
You knew the following spells:

 Your Spells              Type           Power        Failure   Level
a - Beastly Appendage     Tmut           ##....       22%         1
b - Animate Skeleton      Necr           #.....       28%         1

Your spell library contained the following spells:

 Spells                   Type           Power        Failure   Level
 Pain                     Necr           #...         28%         1
 Wereblood                Tmut           ##......     34%         2
 Corona                   Hex            #......      54%         1
 Magic Dart               Conj           #...         54%         1
 Summon Small Mammal      Summ           #...         54%         1
 Vampiric Draining        Necr           #.........   65%         3
 Blink                    Tloc           N/A          67%         2
 Call Imp                 Summ           #.......     67%         2
 Ensorcelled Hibernation  Hex/Ice        #.....       67%         2
 Slow                     Hex            #.......     67%         2
 Spider Form              Tmut/Pois      #.........   75%         3
 Call Canine Familiar     Summ           #.......     88%         3
 Confusing Touch          Hex            #.......     88%         3
 Conjure Flame            Conj/Fire      #.......     88%         3
 Dazzling Flash           Conj/Hex       #.....       88%         3
 Gell's Gravitas          Tloc           #.........   88%         3
 Lesser Beckoning         Tloc           #.........   88%         3
 Mephitic Cloud           Conj/Pois/Air  #.......     88%         3
 Summon Guardian Golem    Hex/Summ       #.......     88%         3
 Teleport Other           Tloc           #.......     88%         3
 Tukima's Dance           Hex            #.......     88%         3
 Animate Dead             Necr           #.........   96%         4
 Ice Form                 Ice/Tmut       #.......     98%         4
 Petrify                  Tmut/Erth      #.......     98%         4
 Passage of Golubria      Tloc           N/A          99%         4
 Summon Ice Beast         Ice/Summ       #.......     99%         4
 Summon Lightning Spire   Summ/Air       #.......     99%         4
 Blade Hands              Tmut           ##........   99%         5
 Agony                    Necr           #.......     100%        5
 Irradiate                Conj/Tmut      #.........   100%        5
 Metabolic Englaciation   Hex/Ice        #.........   100%        5
 Yara's Violent Unravell  Hex/Tmut       #.........   100%        5
 Hydra Form               Tmut           ##........   100%        6
 Statue Form              Tmut/Erth      #........    100%        6
 Dragon Form              Tmut           ##........   100%        7


Dungeon Overview and Level Annotations

Branches:
Dungeon (11/15)            Temple (1/1) D:5            Lair (6/6) D:9
  Swamp (0/4) Lair:2       Spider (0/4) Lair:4        Slime (0/5) Lair:6
    Orc (1/2) D:11          IceCv (visited)         Volcano (visited)

Altars:
Ashenzari
Cheibriados
Dithmenos
Elyvilon
Fedhas
Gozag
Hepliaklqana
Kikubaaqudgha
Makhleb
Nemelex Xobeh
Okawaru
Qazlal
Ru
Sif Muna
Trog
Uskayaw
Vehumet
Wu Jian
Xom
Yredelemnul
Zin
The Shining One

Shops:
D:5 (   D:7 [   D:8 (!=   D:9 *

Portals:
Abyss: D:8

Annotations:
Orc:1 1 transporter, 1 runed translucent door


Message History

The orc knight is almost dead.
You block the orc knight's attack.
Evoke which item? (* to show all) (? for menu, Esc to quit)
Aiming: Iceblast
Press: ? - help, Shift-Dir - straight line The mass of ice explodes!
The iceblast engulfs the orc knight!
You kill the orc knight!
Okawaru accepts your kill.
A red film seems to cover your vision as you go berserk!
You feel yourself moving faster!
You feel mighty!
The moth of wrath goads the stone giant on!
The stone giant goes berserk!
You block the stone giant's attack.
You slash the stone giant!
The stone giant is lightly wounded.
The stone giant hits you!!
* * * LOW HITPOINT WARNING * * *
You hit the stone giant.
The stone giant is lightly wounded.
The stone giant hits you!!!
You die...

......########.......#
......# #.......#
...#..# #.......#
......# ###.©.###
......# #y#####y#
##....# ##########
##....# ##..'.©.+..
......# ##...C...+..
......# #....#@..#
......# #☼#..#######
......# ###. #y##W##
#.....# y# .### +#
......# #e ...$$ _[$
......# # #. ..$ :?$.
......# e#. ⌠.. [:..⌠
......# #e#
........... ......#


You could see a stone giant (berserk), a moth of wrath and a silent spectre
(silencing).

Vanquished Creatures
  Rupert (Lair:6)
  Gastronok (D:9)
  A frost giant (IceCv)
  Snorg (Orc:1)
  Fannar (D:11)
  Erolcha (D:10)
  4 hydras
  2 boulder beetles (Lair:5)
  2 catoblepae
  A two-headed ogre (Orc:1)
  A death yak (Lair:5)
  A hell knight (Volcano)
  An unseen horror (D:10)
  A bog body (Lair:2)
  2 orc knights (Orc:1)
  An orc sorcerer (Orc:1)
  2 oklob plants (Lair:4)
  A wolf spider (Lair:6)
  A manticore (D:11)
  An ice statue (IceCv)
  15 black mambas
  7 elephants
  A guardian serpent (Lair:6)
  A torpor snail (Lair:5)
  19 cane toads
  5 rime drakes
  A centaur skeleton (D:11)
  3 yaktaurs (Volcano)
  6 komodo dragons
  23 polar bears
  2 trolls
  4 hornets
  Prince Ribbit (D:8)
  8 blink frogs
  3 redbacks (Lair:6)
  A shadow (D:11)
  8 wyverns
  49 yaks
  A wraith (D:10)
  4 basilisks
  A steam dragon (Lair:5)
  Menkaure (D:4)
  4 wargs
  30 water moccasins
  A hornet zombie (D:9)
  3 ice beasts
  3 black bears
  2 sky beasts (D:10)
  An eye of draining (D:7)
  A necrophage (D:11)
  21 orc warriors
  5 ogres
  9 centaurs
  A boggart (D:6)
  A phantom (D:9)
  26 wolves
  2 big kobolds (D:8)
  15 bullfrogs
  5 scorpions
  2 killer bees
  20 wights
  An electric eel (D:8)
  4 howler monkeys
  6 hounds
  2 jellies
  2 bullfrog zombies
  A gnoll shaman (D:8)
  5 orc priests
  Crazy Yiuf (D:2)
  A bullfrog skeleton (D:4)
  6 iguanas
  Ijyb (D:3)
  Terence (D:2)
  8 orc wizards
  8 worker ants
  A hound zombie (D:10)
  Robin (D:2)
  14 gnolls
  13 adders
  A river rat (D:7)
  4 shadow imps
  9 white imps
  4 ufetubi
  An ooze (D:4)
  An adder skeleton (D:5)
  An adder zombie (D:8)
  4 worms
  3 dart slugs
  5 leopard geckos
  54 orcs
  7 bats
  3 giant cockroaches
  14 goblins
  10 hobgoblins
  12 jackals
  21 kobolds
  7 quokkas
  2 ball pythons
  5 frilled lizards
  7 rats
  A bush (Lair:1)
595 creatures vanquished.

Vanquished Creatures (others)
  A centaur warrior (Volcano)
  52 fungi
  62 plants
115 creatures vanquished.

Grand Total: 710 creatures vanquished

Notes
Turn   | Place    | Note
-------+----------+-------------------------------------------
     0 | D:1      | miscthings the Hill Orc Transmuter began the quest for the
                  | Orb.
     0 | D:1      | Reached XP level 1. HP: 16/16 MP: 3/3
   315 | D:1      | Reached XP level 2. HP: 21/25 MP: 1/4
   644 | D:2      | Noticed Robin
   651 | D:2      | Reached XP level 3. HP: 22/31 MP: 3/5
   976 | D:2      | Noticed Terence
  1044 | D:2      | Killed Terence
  1045 | D:2      | Reached XP level 4. HP: 19/38 MP: 4/6
  1406 | D:2      | Killed Robin
  1591 | D:2      | Found a burning altar of Makhleb.
  1591 | D:2      | Found an ancient bone altar of Kikubaaqudgha.
  1628 | D:2      | Found a runed translucent door.
  1629 | D:2      | Noticed Crazy Yiuf
  1700 | D:2      | Found a white marble altar of Elyvilon.
  1990 | D:2      | Reached XP level 5. HP: 22/47 MP: 7/7
  2174 | D:2      | Killed Crazy Yiuf
  2175 | D:2      | Reached skill level 5 in Fighting
  2409 | D:4      | Found an ornate altar of the Wu Jian Council.
  2475 | D:5      | Entered Level 5 of the Dungeon
  2685 | D:5      | Found Diggogrion's Antique Weapon Emporium.
  2690 | D:5      | Reached XP level 6. HP: 54/57 MP: 8/8
  2694 | D:5      | Reached skill level 1 in Axes
  2709 | D:5      | Reached skill level 2 in Axes
  2765 | D:5      | Reached skill level 3 in Axes
  3070 | D:5      | Got a fine quarterstaff
  3071 | D:5      | Identified the +8 quarterstaff "Goblinbane" {pain, MR+
                  | Int+3} (You found it on level 5 of the Dungeon)
  3105 | D:5      | Reached skill level 4 in Axes
  3145 | D:5      | Reached skill level 5 in Axes
  3145 | D:5      | Reached XP level 7. HP: 51/62 MP: 9/9
  3592 | D:5      | Found a staircase to the Ecumenical Temple.
  3631 | D:6      | Reached skill level 6 in Axes
  3705 | Temple   | Entered the Ecumenical Temple
  3938 | D:6      | Reached skill level 7 in Axes
  3964 | D:6      | Reached skill level 8 in Axes
  4046 | D:6      | Reached XP level 8. HP: 70/70 MP: 10/10
  4174 | D:6      | Found a glowing golden altar of the Shining One.
  4185 | D:6      | Reached skill level 9 in Axes
  4472 | D:6      | Found a blossoming altar of Fedhas.
  4578 | D:6      | Noticed a troll
  4589 | D:6      | Reached skill level 10 in Axes
  4685 | D:6      | Noticed a polar bear
  4685 | D:6      | a troll changed into a polar bear
  5037 | D:6      | Got a pair of glimmering gloves
  5046 | D:6      | Identified the +2 pair of gloves of Kital {Rampage rF+++
                  | rCorr Dex-4} (You found it on level 6 of the Dungeon)
  5092 | D:6      | Killed a polar bear
  5093 | D:6      | Reached skill level 11 in Axes
  5417 | D:7      | Reached skill level 12 in Axes
  5417 | D:7      | Reached XP level 9. HP: 41/75 MP: 11/11
  5884 | D:7      | Found Qerchast's Antique Armour Shoppe.
  6180 | D:7      | Reached skill level 13 in Axes
  6377 | D:7      | Noticed an eight-headed hydra
  6783 | D:8      | Noticed Prince Ribbit
  6786 | D:8      | Noticed a polar bear
  6813 | D:8      | Killed a polar bear
  6814 | D:8      | Reached skill level 14 in Axes
  6957 | D:8      | Found Efojidem's Distillery.
  6960 | D:8      | Found Udanwops's Weapon Shoppe.
  7041 | D:8      | Killed Prince Ribbit
  7067 | D:8      | Noticed a rust devil
  7067 | D:8      | Noticed a hell beast
  7068 | D:8      | Found a one-way gate to the infinite horrors of the Abyss.
  7069 | D:8      | Noticed Maurice
  7077 | D:8      | Noticed Maurice
  7077 | D:8      | Maurice changed into Maurice the rime drake
  7083 | D:8      | Killed Maurice the rime drake
  7084 | D:8      | Reached skill level 15 in Axes
  7084 | D:8      | Reached XP level 10. HP: 46/83 MP: 12/12
  7264 | D:8      | Found Jewn's Jewellery Boutique.
  7527 | D:8      | Reached skill level 16 in Axes
  7871 | D:5      | Bought a crude morningstar for 243 gold pieces
  7871 | D:5      | Identified the +6 morningstar "Undertaker" {flame, rF+}
                  | (You bought it in a shop on level 5 of the Dungeon)
  8431 | D:9      | Found a sparkling altar of Nemelex Xobeh.
  8458 | D:9      | Found an iron altar of Okawaru.
  8466 | D:9      | Became a worshipper of Warmaster Okawaru
  8513 | D:9      | Reached skill level 1 in Armour
  8513 | D:9      | Reached skill level 1 in Invocations
  8538 | D:9      | Reached * piety under Okawaru
  8539 | D:9      | Reached skill level 1 in Throwing
  8539 | D:9      | Reached skill level 1 in Evocations
  8792 | D:9      | Found a staircase to the Lair.
  9030 | D:9      | Noticed Gastronok
  9053 | D:9      | Killed Gastronok
  9053 | D:9      | Reached ** piety under Okawaru
  9054 | D:9      | Reached XP level 11. HP: 44/92 MP: 13/13
  9361 | D:9      | Found Ydogaled's Assorted Antiques.
  9675 | D:4      | Noticed Menkaure
  9681 | D:4      | Killed Menkaure
 10439 | D:3      | Noticed Ijyb
 10449 | D:3      | Killed Ijyb
 10490 | D:3      | Found a sparkling altar of Nemelex Xobeh.
 11035 | D:9      | Bought a murky ruby potion for 27 gold pieces
 11035 | D:9      | Bought a scroll labelled ZUBOSHR SAFIEDD for 30 gold pieces
 11035 | D:9      | Bought a purple potion for 27 gold pieces
 11035 | D:9      | Bought 2 scrolls labelled HIOLISH BEJAR for 60 gold pieces
 11035 | D:9      | Bought a scroll labelled FUIDEK FUIXIJ for 30 gold pieces
 11074 | D:10     | Entered Level 10 of the Dungeon
 11123 | D:10     | Killed an unseen horror
 11123 | D:10     | Reached *** piety under Okawaru
 11124 | D:10     | Reached skill level 1 in Shields
 11274 | D:9      | Bought a scroll labelled FUIDEK FUIXIJ for 30 gold pieces
 11500 | D:10     | Noticed Erolcha
 11506 | D:10     | Killed Erolcha
 11575 | D:10     | Identified a scroll of acquirement
 11578 | D:10     | Acquired the +3 buckler of Mezcal {rElec Dex+7}
 11703 | D:10     | Reached **** piety under Okawaru
 12094 | D:11     | Found a basalt altar of Yredelemnul.
 12095 | D:11     | Noticed Fannar
 12180 | Lair:1   | Entered Level 1 of the Lair of Beasts
 12188 | Lair:1   | Reached skill level 5 in Invocations
 12275 | Lair:1   | Noticed a six-headed hydra
 12286 | Lair:1   | Killed a six-headed hydra
 12286 | Lair:1   | Received a gift from Okawaru
 12323 | Lair:1   | Reached ***** piety under Okawaru
 13123 | Lair:1   | Noticed Sonja
 13125 | Lair:1   | Noticed Sonja
 13125 | Lair:1   | Sonja changed into Sonja the ice beast
 13132 | Lair:1   | Killed Sonja the ice beast
 13221 | Lair:2   | Reached XP level 12. HP: 98/102 MP: 16/16
 13248 | Lair:2   | Got a glittering silver ring
 13250 | Lair:2   | Identified the ring of the Crown {rC+ EV+4 Int+8 Dex+3}
                  | (You found it on level 2 of the Lair of Beasts)
 13373 | Lair:2   | Received a gift from Okawaru
 13376 | Lair:2   | Got a pitted battleaxe {god gift}
 13383 | Lair:2   | Identified the +6 battleaxe "Tappaf" {flame, Str+5 Dex-4}
                  | (Okawaru gifted it to you on level 2 of the Lair of Beasts)
 13519 | Lair:2   | Reached skill level 5 in Armour
 14070 | Lair:2   | Noticed an eight-headed hydra
 14078 | Lair:2   | Killed an eight-headed hydra
 14107 | Lair:2   | Found a staircase to the Swamp.
 14117 | Lair:2   | Reached skill level 5 in Evocations
 14460 | Lair:3   | Noticed a four-headed hydra
 14470 | Lair:3   | Killed a four-headed hydra
 14535 | Lair:3   | Found a frozen archway.
 14564 | IceCv    | Entered an ice cave
 14580 | IceCv    | Reached skill level 5 in Throwing
 14580 | IceCv    | Reached skill level 5 in Dodging
 14659 | IceCv    | Got a masterwork hand axe
 14661 | IceCv    | Identified the cursed +0 hand axe of Brawling {antimagic,
                  | Int+9} (You found it in an ice cave)
 15031 | IceCv    | Reached XP level 13. HP: 104/111 MP: 18/18
 15090 | IceCv    | Noticed a frost giant
 15123 | IceCv    | Received a gift from Okawaru
 15135 | IceCv    | Killed a frost giant
 15135 | IceCv    | Received a gift from Okawaru
 15142 | IceCv    | Reached skill level 10 in Fighting
 15183 | IceCv    | Got a buzzing whip
 15184 | IceCv    | Identified the cursed +1 whip "Foyw" {speed, Str+6 Int-4
                  | Stlth+} (You found it in an ice cave)
 15250 | Lair:3   | Received a gift from Okawaru
 15439 | Lair:3   | Received a gift from Okawaru
 16173 | Lair:4   | Found a dark tunnel.
 16221 | Lair:4   | Received a gift from Okawaru
 16303 | Volcano  | Entered a volcano
 16336 | Volcano  | Reached ****** piety under Okawaru
 16366 | Volcano  | Found a bloodstained altar of Trog.
 16523 | Lair:4   | Received a gift from Okawaru
 16535 | Lair:4   | Got a pair of glimmering gloves {god gift}
 16560 | Lair:4   | Identified the +0 pair of gloves "Sikhoeg" {rElec Str+3}
                  | (Okawaru gifted it to you on level 4 of the Lair of Beasts)
 16779 | Lair:4   | Found a hole to the Spider Nest.
 16800 | Lair:4   | Reached XP level 14. HP: 113/122 MP: 21/21
 17226 | Lair:5   | Reached skill level 10 in Invocations
 17884 | Lair:5   | Found a transporter.
 17893 | Lair:5   | Found a transporter.
 18277 | Lair:6   | Entered Level 6 of the Lair of Beasts
 18468 | Lair:6   | Received a gift from Okawaru
 18492 | Lair:6   | Reached skill level 5 in Shields
 18657 | Lair:6   | Noticed Rupert
 18667 | Lair:6   | Killed Rupert
 19107 | Lair:6   | Received a gift from Okawaru
 19922 | Lair:6   | Found a staircase to the Slime Pits.
 20332 | D:10     | Learned a level 1 spell: Animate Skeleton
 20383 | D:11     | Killed Fannar
 20383 | D:11     | Received a gift from Okawaru
 20407 | D:11     | Reached skill level 17 in Axes
 20442 | D:11     | Reached XP level 15. HP: 129/132 MP: 23/23
 20712 | D:11     | Reached skill level 1 in Necromancy
 20726 | D:11     | Found a staircase to the Orcish Mines.
 21220 | D:9      | Bought an ivory ring for 150 gold pieces
 21348 | Orc:1    | Entered Level 1 of the Orcish Mines
 21404 | Orc:1    | Found a transporter.
 21443 | Orc:1    | Noticed Snorg
 21455 | Orc:1    | Killed Snorg
 21880 | Orc:1    | Found a transporter.
 21880 | Orc:1    | Found a runed translucent door.
 21880 | Orc:1    | Found a bloodstained altar of Trog.
 21881 | Orc:1    | Found the cursed necklace of Bloodlust {*Rage +Rage MR++
                  | Int-3 Slay+6 *Curse}
 21882 | Orc:1    | Noticed a deep elf sorcerer
 21883 | Orc:1    | Noticed a deep elf elementalist
 21902 | Orc:1    | Slain by a stone giant

Illustrated notes

Levels and vault maps discovered:
D:1:      wander_arrival_lonely_grave, layout_rooms, hangedman_decor_slide_cut
D:2:      layout_rooms, chequers_temple_overflow_statue_of_worship,
          chequers_serial_rivers_small_b, elyvilon_altar_3,
          uniq_crazy_yiuf_cottage, uniq_terence, uniq_robin
D:3:      layout_loops_corners, nemelex_xobeh_ov_fountains_minmay, uniq_ijyb
D:4:      layout_loops_ring, marbit_many_paths, uniq_menkaure
D:5:      layout_loops_ring, minmay_temple_entry_from_below_a,
          kennysheep_small_square
D:6:      minmay_chambers_of_sixes, layout_rooms, fedhas_bush_and_centaur_altar,
          nicolae_tso_swordbearing_angel
D:7:      kennysheep_big_flooded_room, layout_loops_ring, serial_shops, shop,
          minmay_small_thing
D:8:      layout_basic, serial_ice, serial_ice_k, serial_ice_d, serial_ice_o,
          serial_ice_n, serial_shops, shop, shop, nicolae_shop_behind_doors,
          lemuel_hellish_altar, uniq_maurice, uniq_prince_ribbit1
D:9:      layout_grid_maze, okawaru_ov_weapons_minmay, lair_entry_dummy,
          serial_shops, shop, nemelex_diamond_rough_becter, uniq_gastronok
D:10:     layout_long_grid, minivault_24, uniq_erolcha
D:11:     layout_roguey [special_room_orc], david_orc_1_choice, basic_altar,
          uniq_fannar
Temple:   regret_index_temple_generic_petals
Lair:1:   layout_misc_corridors, uniq_sonja
Lair:2:   layout_layer_cave, skrybe_swamp_entry_bodies, minivault_26,
          serial_bayou_shore_a
Lair:3:   layout_cave_pods, portal_ice_cave_entry_pillars_2
Lair:4:   layout_loops_ring, spider_nest_entry_web_field,
          nicolae_volcano_entry_lava_flow, minmay_lair_oklob_chamber,
          grunt_megastairs_5
Lair:5:   gammafunk_boulding_lane, layout_cave_pods
Lair:6:   hangedman_lair_tendril_chambers, layout_layer_cave, slime_dummy,
          uniq_rupert
Orc:1:    emtedronai_trogs_sanctum, layout_caves, uniq_snorg, uniq_urug

Skill      XL: |  1  2  3  4  5  6  7  8  9 10 11 12 13 14 15 |
---------------+----------------------------------------------+-----
Fighting       | 2 3 4 5 7 8 9 10 11 12 | 12.0
Transmutations | 2 |  2.4
Axes           | 5 8 12 15 16 17 | 17.2
Armour         | 3 4 6 8 9 |  9.7
Invocations    | 3 5 7 9 11 | 11.2
Throwing       | 2 4 5 6 7 |  7.0
Dodging        | 3 4 5 6 7 |  7.7
Evocations     | 2 4 6 7 8 |  8.8
Shields        | 4 5 6 |  6.3
Necromancy     | 1 |  1.8
Unarmed Combat | |  3.2
Spellcasting   | |  1.5

Action                   |  1- 3 |  4- 6 |  7- 9 | 10-12 | 13-15 || total
-------------------------+-------+-------+-------+-------+-------++-------
Melee: Unarmed           |   101 |   151 |       |       |       ||   252
       Kick              |    10 |     1 |       |       |       ||    11
       Headbutt          |     5 |     1 |       |       |       ||     6
       Punch             |     4 |     1 |     1 |     1 |       ||     7
       Quarterstaff      |       |    84 |   129 |       |       ||   213
       War axe           |       |       |   134 |   623 |   393 ||  1150
       Morningstar       |       |       |       |    50 |     3 ||    53
       Broad axe         |       |       |       |       |   355 ||   355
Throw: Dart              |       |       |     5 |     2 |     1 ||     8
 Cast: Beastly Appendage |    11 |     1 |       |       |       ||    12
Invok: Heroism           |       |       |       |     3 |     2 ||     5
       Finesse           |       |       |       |       |     1 ||     1
Evoke: Wand              |       |       |     9 |    11 |    23 ||    43
       Phantom mirror    |       |       |       |       |     1 ||     1
  Use: Scroll            |       |     6 |     3 |    23 |    12 ||    44
       Potion            |       |       |     1 |       |     2 ||     3
 Stab: Distracted        |       |       |       |       |     1 ||     1
Armor: Robe              |     7 |     1 |       |       |       ||     8
       Chain mail        |       |   132 |   104 |       |     9 ||   245
       Plate armour      |       |       |    58 |   255 |   166 ||   479
       Troll leather arm |       |       |       |       |     2 ||     2
Dodge: Dodged            |    65 |    74 |   105 |   176 |   310 ||   730
       Repelled          |       |       |       |       |     1 ||     1
Block: Other             |       |     7 |    57 |    22 |       ||    86
       Reflection        |       |       |     5 |     2 |     8 ||    15
       Buckler           |       |       |       |   224 |   463 ||   687

Table legend: (Time is in decaauts)
 A = Elapsed time spent in this place.
 B = Non-inter-level travel time spent in this place.
 C = Inter-level travel time spent in this place.
 D = Time resting spent in this place.
 E = Time spent auto-exploring this place.
 F = Levels seen in this place.
 G = Mean time per level.
                   A        B        C        D        E       F      G
               +--------+--------+--------+--------+--------+-----+--------+
         Total |  21585 |  19590 |   1995 |   4831 |  10324 |  21 | 1027.9 |
       Dungeon |  12948 |  11327 |   1621 |   3085 |   5684 |  11 | 1177.1 |
        Temple |    206 |    185 |     21 |      0 |    182 |   1 |  206.0 |
          Lair |   7179 |   6870 |    309 |   1478 |   4033 |   6 | 1196.5 |
  Orcish Mines |    543 |    499 |     44 |     90 |    274 |   1 |  543.0 |
      Ice Cave |    558 |    558 |      0 |    158 |    138 |   1 |  558.0 |
       Volcano |    150 |    150 |      0 |     20 |     13 |   1 |  150.0 |
               +--------+--------+--------+--------+--------+-----+--------+

Top non-repeatable levels by time:
  Lair:6: 1893 daAuts
     D:6: 1661 daAuts
     D:7: 1559 daAuts
     D:8: 1452 daAuts
     D:9: 1336 daAuts
     D:5: 1299 daAuts
  Lair:2: 1201 daAuts
     D:1: 1104 daAuts
     D:2: 1099 daAuts
  Lair:5: 1093 daAuts
    D:10: 1082 daAuts
  Lair:3: 1062 daAuts
  Lair:1: 1012 daAuts
  Lair:4: 914 daAuts
    D:11: 825 daAuts
